 Dungeon Crawl Stone Soup version 0.20-a0-267-g4a7ec2a (webtiles) character file.

8540 AlphabetPasta the Geomancer (level 11, -1/77 HPs)
             Began as a Centaur Earth Elementalist on Dec 6, 2016.
             Was a High Priest of Sif Muna.
             Slain by a cyan ugly thing (13 damage)
             ... on level 11 of the Dungeon.
             The game lasted 01:10:42 (15603 turns).

AlphabetPasta the Geomancer (CeEE)                 Turns: 15603, Time: 01:10:42

Health: -1/77      AC:  9    Str: 11    XL:     11   Next: 11%
Magic:  5/22       EV: 11    Int: 17    God:    Sif Muna [*****.]
Gold:   534        SH:  0    Dex: 10    Spells: 2/24 levels left

rFire  . . .     SeeInvis +     e - staff of energy
rCold  . . .     Gourm    .     c - +0 robe
rNeg   . . .     Faith    .     (no shield)
rPois  .         Spirit   .     f - +0 helmet
rElec  .         Reflect  .     v - +1 cloak
rCorr  .         Harm     .     h - +1 pair of gloves
MR     .....                    (no barding)
Stlth  ++........               (no amulet)
                                p - ring of stealth
                                o - ring of see invisible

@: repel missiles, very quick
A: hooves 3, deformed body, speed 2, tough skin 3
a: Divine Energy, Channel Magic, Forget Spell, Renounce Religion


You were on level 11 of the Dungeon.
You worshipped Sif Muna.
Sif Muna was extremely pleased with you.
You were not hungry.

You visited 1 branch of the dungeon, and saw 11 of its levels.

You collected 534 gold pieces.

Inventory:

Hand Weapons
 a - a +2 dagger of venom
 B - a +0 great sword
Missiles
 b - 107 stones (quivered)
Armour
 c - a +0 robe (worn)
 f - a +0 helmet (worn)
 g - a +0 shield
 h - a +1 pair of gloves (worn)
 m - a +1 hat
 v - a +1 cloak (worn)
Magical Staves
 e - an uncursed staff of energy (weapon)
Jewellery
 o - a ring of see invisible (left hand)
 p - a ring of stealth (right hand)
 F - an uncursed ring of resist corrosion {unknown}
 G - an uncursed amulet of faith {unknown}
Wands
 k - a wand of iceblast (9/15)
 s - a wand of iceblast (8/15)
 u - a wand of teleportation (3/9)
 D - a wand of random effects (20/48)
 I - a wand of slowing (13/48)
Scrolls
 i - 5 scrolls of amnesia
 j - 3 scrolls of enchant armour
 y - 2 scrolls of enchant weapon
 C - a scroll of magic mapping
 H - a scroll of recharging
Potions
 r - 2 potions of heal wounds
 t - 3 potions of curing
 x - a potion of flight
 z - a potion of invisibility {unknown}
 A - 3 potions of might {unknown}
Books
 l - a book of Minor Magic

   Spells                             Type                      Level
   a - Magic Dart                     Conjuration                  1
   b - Blink                          Translocation                2
   c - Call Imp                       Summoning                    2
   d - Repel Missiles                 Charms/Air                   2
   e - Slow                           Hexes                        2
   f - Conjure Flame                  Conjuration/Fire             3
   g - Mephitic Cloud                 Conjuration/Poison/Air       3
 w - a book of Geomancy

   Spells                             Type                      Level
   a - Sandblast                      Earth                        1
   b - Passwall                       Transmutation/Earth          2
   c - Stone Arrow                    Conjuration/Earth            3
   d - Petrify                        Transmutation/Earth          4
   e - Lee's Rapid Deconstruction     Earth                        5
Comestibles
 d - 7 bread rations
 n - 3 meat rations
 q - 2 chunks of flesh
 E - a beef jerky


   Skills:
 - Level 1.0 Fighting
 - Level 1.0 Short Blades
 + Level 3.4 Dodging
 - Level 1.1 Stealth
 * Level 7.3 Spellcasting
 + Level 5.8 Conjurations
 - Level 2.5 Charms
 - Level 2.1 Translocations
 - Level 2.0 Transmutations
 - Level 2.5 Air Magic
 * Level 8.9 Earth Magic
 + Level 6.0 Invocations
 + Level 0.3 Evocations


You had 2 spell levels left.
You knew the following spells:

 Your Spells              Type           Power        Failure   Level  Hunger
a - Sandblast             Erth           #####.       1%          1    None
b - Passwall              Tmut/Erth      ####......   1%          2    None
c - Stone Arrow           Conj/Erth      ####..       1%          3    None
d - Repel Missiles        Chrm/Air       ##....       10%         2    None
e - Blink                 Tloc           N/A          10%         2    None
f - Petrify               Tmut/Erth      ####....     14%         4    None
g - Lee's Rapid Deconstr  Erth           #####.....   10%         5    None
h - Mephitic Cloud        Conj/Pois/Air  ###.....     12%         3    None


Dungeon Overview and Level Annotations

Branches:
Dungeon (11/15)            Temple (0/1) D:5            Lair (0/6) D:11
    Orc (0/2) D:10

Altars:
Ashenzari
Elyvilon
Gozag
Hepliaklqana
Nemelex Xobeh
Ru
Sif Muna
Trog
Zin
Beogh

Annotations:
D:6 ellienor's ghost, novice MiBe
D:10 Snorg


Innate Abilities, Weirdness & Mutations

You have hooves in place of feet.
Armour fits poorly on your strangely shaped body.
You cover ground very quickly.
You have extremely tough skin. (AC +3)


Message History

The cyan ugly thing is severely wounded.
The cyan ugly thing tentacle-slaps you. The cyan ugly thing shocks you!
Casting: Stone Arrow
Confirm with . or Enter, or press ? or * to list all spells.
Aiming: Stone Arrow
Press: ? - help, Shift-Dir - straight line, f/p - cyan ugly thing
Aim: a cyan ugly thing (severely wounded)
The stone arrow hits the cyan ugly thing.
The cyan ugly thing is severely wounded.
The cyan ugly thing tentacle-slaps you! The cyan ugly thing shocks you!
* * * LOW HITPOINT WARNING * * *
Casting: Stone Arrow
Confirm with . or Enter, or press ? or * to list all spells.
Aiming: Stone Arrow
Press: ? - help, Shift-Dir - straight line, f/p - cyan ugly thing
Aim: a cyan ugly thing (severely wounded)
The stone arrow hits the cyan ugly thing.
The cyan ugly thing is almost dead.
The cyan ugly thing tentacle-slaps you!
You die...

.... #........ .u..
#........ ..... #........
.Z... #......#
......#......#
......#......# ######
.............#
#....###############......#
#..............@u.........#
#.........................#
#.........................#
#....#.............########
#....#.....#########......#
#.........................#
#.........................#
.
#.........................#
..
######....................#
...


You could see a cyan ugly thing.

Vanquished Creatures
  Gastronok (D:10)
  An unseen horror (D:11)
  A hill giant (D:11)
  Psyche (D:10)
  A troll (D:10)
  A hornet (D:10)
  A hippogriff (D:8)
  A wraith (D:10)
  2 steam dragons (D:9)
  A hungry ghost (D:7)
  A soldier ant (D:10)
  2 orc warriors
  An eye of draining (D:7)
  A phantom (D:9)
  2 necrophages
  An ogre (D:5)
  The ghost of AlphabetPasta the Grasshopper, an amateur HEWr (D:3)
  4 centaurs
  6 bullfrogs
  A water moccasin zombie (D:6)
  21 killer bees
  3 scorpions
  4 wights (D:9)
  4 howler monkeys
  6 crimson imps
  2 bullfrog zombies
  5 hounds
  A jelly (D:7)
  10 orc priests
  A bullfrog skeleton (D:11)
  A centaur skeleton (D:8)
  7 orc wizards
  5 iguanas
  7 worker ants
  A hound skeleton (D:7)
  A worker ant zombie (D:10)
  A howler monkey skeleton (D:5)
  12 adders
  3 shadow imps
  An ooze (D:3)
  An adder skeleton (D:6)
  An adder zombie (D:8)
  4 worms
  4 dart slugs
  7 leopard geckos
  30 orcs
  4 giant cockroaches
  5 goblins
  9 hobgoblins
  16 jackals
  10 kobolds
  5 quokkas
  3 ball pythons
  10 bats
  8 frilled lizards
  2 leopard gecko skeletons
  2 quokka skeletons
  14 rats
262 creatures vanquished.

Vanquished Creatures (others)
  A sky beast (D:7)
  A quokka (D:2)
2 creatures vanquished.

Grand Total: 264 creatures vanquished

Notes
Turn   | Place    | Note
-------+----------+-------------------------------------------
     0 | D:1      | AlphabetPasta the Centaur Earth Elementalist began the quest for the Orb.
     0 | D:1      | Reached XP level 1. HP: 14/14 MP: 3/3
   347 | D:1      | Reached XP level 2. HP: 14/20 MP: 0/4
   355 | D:1      | Learned a level 2 spell: Passwall
   368 | D:1      | Reached skill level 3 in Earth Magic
   509 | D:1      | Learned a level 2 spell: Passwall
   949 | D:1      | You fall through a shaft!
  1029 | D:2      | Reached XP level 3. HP: 20/26 MP: 3/6
  1438 | D:2      | Learned a level 3 spell: Stone Arrow
  1447 | D:2      | Found a white marble altar of Elyvilon.
  1839 | D:2      | Reached XP level 4. HP: 33/33 MP: 4/7
  2323 | D:3      | Reached skill level 1 in Conjurations
  2522 | D:3      | Noticed AlphabetPasta's ghost (amateur HEWr)
  2640 | D:3      | Killed AlphabetPasta's ghost
  2640 | D:3      | Reached skill level 4 in Earth Magic
  2640 | D:3      | Reached XP level 5. HP: 14/38 MP: 0/9
  2725 | D:3      | Learned a level 2 spell: Repel Missiles
  3049 | D:3      | Found an opulent altar of Gozag.
  3349 | D:2      | Reached XP level 6. HP: 31/45 MP: 4/10
  4000 | D:4      | Reached skill level 1 in Air Magic
  4187 | D:3      | Reached skill level 5 in Earth Magic
  4712 | D:4      | Learned a level 2 spell: Blink
  4887 | D:4      | Reached XP level 7. HP: 37/50 MP: 6/12
  4933 | D:4      | Found a deep blue altar of Sif Muna.
  4957 | D:4      | Became a worshipper of Sif Muna the Loreminder
  5023 | D:4      | Found a shattered altar of Ashenzari.
  5340 | D:4      | Found a sacrificial altar of Ru.
  5771 | D:5      | Entered Level 5 of the Dungeon
  5771 | D:5      | Found a staircase to the Ecumenical Temple.
  6065 | D:5      | Found a bloodstained altar of Trog.
  6140 | D:5      | Reached skill level 1 in Charms
  6140 | D:5      | Reached skill level 1 in Invocations
  6572 | D:4      | Reached * piety under Sif Muna
  6828 | D:5      | Reached XP level 8. HP: 57/57 MP: 8/14
  7157 | D:6      | Reached skill level 1 in Translocations
  7168 | D:6      | Reached skill level 6 in Earth Magic
  7256 | D:6      | Noticed ellienor's ghost (novice MiBe)
  8009 | D:7      | Found a glowing silver altar of Zin.
  8084 | D:7      | Reached ** piety under Sif Muna
  8101 | D:7      | Reached skill level 5 in Spellcasting
  8405 | D:7      | Identified 2 scrolls of acquirement
  8623 | D:7      | Reached skill level 1 in Short Blades
  8721 | D:6      | Reached XP level 9. HP: 63/63 MP: 3/16
  8922 | D:7      | Found a sparkling altar of Nemelex Xobeh.
  9506 | D:8      | Found a hazy altar of Hepliaklqana.
  9561 | D:8      | Reached skill level 1 in Fighting
  9589 | D:8      | Reached skill level 1 in Transmutations
  9589 | D:8      | Reached skill level 7 in Earth Magic
  9896 | D:8      | Reached *** piety under Sif Muna
 12052 | D:9      | Reached XP level 10. HP: 71/71 MP: 6/19
 12058 | D:9      | Learned a level 4 spell: Petrify
 12064 | D:9      | Learned a level 5 spell: Lee's Rapid Deconstruction
 12360 | D:9      | Reached skill level 5 in Conjurations
 12831 | D:10     | Entered Level 10 of the Dungeon
 12882 | D:10     | Noticed Gastronok
 12902 | D:10     | Killed Gastronok
 12902 | D:10     | Reached **** piety under Sif Muna
 12902 | D:10     | Reached skill level 8 in Earth Magic
 12902 | D:10     | Reached skill level 5 in Invocations
 13509 | D:10     | Paralysed by a hornet for 1 turns
 13777 | D:10     | Noticed Psyche
 13787 | D:10     | Killed Psyche
 14237 | D:10     | Found a staircase to the Orcish Mines.
 14440 | D:10     | Noticed Snorg
 14842 | D:10     | Found a roughly hewn altar of Beogh.
 15235 | D:11     | Noticed an unseen horror
 15239 | D:11     | Killed an unseen horror
 15239 | D:11     | Reached XP level 11. HP: 76/77 MP: 8/21
 15364 | D:11     | Learned a level 3 spell: Mephitic Cloud
 15431 | D:11     | Found Okagunav's Weapon Shop.
 15441 | D:11     | Found a staircase to the Lair.
 15448 | D:11     | Noticed a hill giant
 15467 | D:11     | Killed a hill giant
 15467 | D:11     | Reached ***** piety under Sif Muna
 15589 | D:11     | Noticed a cyan ugly thing
 15603 | D:11     | Slain by a cyan ugly thing

Vault maps used:
D:1:      evilmike_arrival_rings, minmay_misc_feat_tiny
D:2:      elyvilon_altar_4
D:3:      nicolae_gozag_cash_rules_everything_around_me
D:4:      nicolae_ru_the_path_less_chosen, old_standard_altar, ashenzari_altar_1
D:5:      first_bread, basic_altar, kennysheep_generic_room_8
D:6:      hangedman_decor_lopped
D:7:      corexii_shack_village, nemelex_altar_shiori, lemuel_crystal_altar,
          st_stairs_6
D:8:      marbit_many_paths
D:10:     minmay_orc_entry_temple_small, uniq_snorg, uniq_gastronok, uniq_psyche
D:11:     lair_entry_dummy, serial_shops, shop

Skill      XL: |  1  2  3  4  5  6  7  8  9 10 11 |
---------------+----------------------------------+-----
Earth Magic    | 3 4 5 6 7 8 |  8.9
Spellcasting   | 2 3 4 5 6 7 |  7.3
Conjurations   | 1 2 3 4 5 |  5.8
Air Magic      | 1 2 |  2.5
Charms         | 1 2 |  2.5
Invocations    | 2 3 4 5 6 |  6.0
Translocations | 2 |  2.1
Short Blades   | 1 |  1.0
Fighting       | 1 |  1.0
Transmutations | 1 2 |  2.0
Dodging        | 2 3 |  3.4
Stealth        | |  1.1
Evocations     | |  0.3

Action                   |  1- 3 |  4- 6 |  7- 9 | 10-12 || total
-------------------------+-------+-------+-------+-------++-------
Melee: Unarmed           |    12 |    24 |       |       ||    36
       Kick              |     4 |     3 |    23 |     6 ||    36
       Dagger            |       |     5 |   133 |    16 ||   154
 Cast: Sandblast         |    77 |   128 |   287 |    22 ||   514
       Repel Missiles    |       |     1 |       |     1 ||     2
       Passwall          |       |     1 |       |       ||     1
       Stone Arrow       |       |       |    60 |    91 ||   151
       Lee's Rapid Decon |       |       |       |     5 ||     5
       Petrify           |       |       |       |     3 ||     3
Evoke: Wand              |       |       |       |     1 ||     1
  Use: Scroll            |     4 |     4 |    11 |     2 ||    21
       Potion            |       |     1 |     2 |     2 ||     5
  Eat: Chunk             |     3 |     9 |    18 |     3 ||    33
       Fruit             |       |       |     3 |     4 ||     7
       Meat ration       |       |       |     1 |       ||     1
       Pizza             |       |       |     1 |       ||     1
Armor: Robe              |    20 |    38 |   155 |    10 ||   223
Dodge: Dodged            |    19 |    43 |   166 |    22 ||   250
       Deflected         |       |     2 |     7 |     2 ||    11
